 Dungeon Crawl Stone Soup version 0.21.1-1-g345015f (webtiles) character file.

1581496 dstrtn the Phalangite (level 27, 238/238 HPs)
             Began as a Merfolk Ice Elementalist on Mar 5, 2018.
             Was an Initiate of Gozag.
             Escaped with the Orb
             ... and 3 runes on Mar 6, 2018!
             The game lasted 06:28:37 (79129 turns).

dstrtn the Phalangite (Merfolk Ice Elementalist)   Turns: 79129, Time: 06:28:37

Health: 238/238    AC: 21    Str: 16    XL:     27
Magic:  35/35      EV: 36    Int: 14    God:    Gozag
Gold:   3430       SH:  0    Dex: 19    Spells: 5/43 levels left

rFire    + + +     SeeInvis .   a - +9 bardiche (pain)
rCold    + . .     Gourm    .   (shield currently unavailable)
rNeg     + + +     Faith    .   j - +2 faerie dragon scales {rF+ rCorr}
rPois    +         Spirit   +   K - -2 hat of the Alchemist {rElec rPois rF+ rC+ rN+ MR+ rMut rCorr}
rElec    +         Reflect  .   s - +2 cloak {+Inv}
rCorr    +         Harm     .   e - +2 pair of gloves
rMut     +                      H - +2 pair of boots
MR       +++++                  M - amulet of Cowardice {Spirit Fragile rN++ MR+ Slay+4, =R}
Stlth    +.........             v - ring of the Mage {Wiz MR++ Int+3, =R}
HPRegen  0.49/turn              f - ring "Neawkal" {rPois rF+ rN+++ EV+3 Stlth-}
MPRegen  0.24/turn

@: bribing [the Dungeon, the Realm of Zot, the Depths]
A: change form in water, swift swim, stealthy swim, iridescent scales 1, dopey
2, sturdy frame 1
0: Orb of Zot
}: 3/15 runes: barnacled, slimy, gossamer
a: Potion Petition, Call Merchant, Bribe Branch, Renounce Religion, Evoke
Invisibility


You escaped.
You worshipped Gozag.
Gozag was most pleased with you.
You were full.

You visited 10 branches of the dungeon, and saw 51 of its levels.
You visited 1 bazaar.
You also visited: Labyrinth and Ice Cave.

You collected 29633 gold pieces.
You spent 6725 gold pieces at shops.
You paid 19478 gold pieces to Gozag.

Inventory:

Hand Weapons
 a - a +9 bardiche of pain (weapon)
 Z - a +4 antimagic demon trident
Missiles
 y - 14 throwing nets (quivered) {!f}
Armour
 e - a +2 pair of gloves (worn)
 j - the +2 faerie dragon scales (worn) {rF+ rCorr}
   (You took it off the Enchantress on level 3 of the Depths)

   It protects you from fire.
   It protects you from acid and corrosion.
 s - a +2 cloak of invisibility (worn)
 H - a +2 pair of boots (worn)
 K - the -2 hat of the Alchemist (worn) {rElec rPois rF+ rC+ rN+ MR+ rMut rCorr}
   (You found it in a labyrinth)

   It protects you from fire.
   It protects you from cold.
   It insulates you from electricity.
   It protects you from poison.
   It protects you from negative energy.
   It affects your resistance to hostile enchantments.
   It protects you from acid and corrosion.
   It protects you from mutation.
Magical Staves
 k - an uncursed staff of earth
Jewellery
 c - an uncursed ring of protection from cold
 f - the ring "Neawkal" (right hand) {rPois rF+ rN+++ EV+3 Stlth-}
   (You took it off a frost giant on level 3 of the Depths)

   [ring of evasion]

   It affects your evasion (+3).
   It protects you from fire.
   It protects you from poison.
   It renders you almost immune to negative energy.
   It makes you less stealthy.
 i - an uncursed ring of see invisible
 v - the ring of the Mage (left hand) {Wiz MR++ Int+3, =R}
   (You bought it in a shop on level 13 of the Dungeon)

   [ring of wizardry]

   It improves your spell success rate.
   It affects your intelligence (+3).
   It affects your resistance to hostile enchantments.
 M - the amulet of Cowardice (around neck) {Spirit Fragile rN++ MR+ Slay+4, =R}
   (You found it on level 3 of the Depths)

   [amulet of guardian spirit]

   It causes incoming damage to be split between your health and magic.
   It affects your accuracy and damage with ranged weapons and melee attacks
   (+4).
   It greatly protects you from negative energy.
   It affects your resistance to hostile enchantments.
   It will be destroyed if unequipped.
Wands
 g - a wand of clouds (11)
 C - a wand of acid (11)
 E - a wand of enslavement (31)
 I - a wand of iceblast (22)
 O - a wand of scattershot (5)
 P - a wand of paralysis (46)
 V - a wand of digging (6)
Scrolls
 d - 7 scrolls of teleportation
 l - 4 scrolls of immolation {!r}
 n - 3 scrolls of blinking
 w - 3 scrolls of fog
 A - 17 scrolls of identify {@r1}
 G - 4 scrolls of summoning
 L - 8 scrolls of fear
 Q - a scroll of silence {!r}
 S - 22 scrolls of remove curse {@r2}
 U - 5 scrolls of vulnerability {!r}
Potions
 h - 3 potions of agility
 m - a potion of magic
 o - 7 potions of lignification {!q}
 p - 20 potions of curing {@q1}
 q - 13 potions of brilliance
 r - 5 potions of cancellation {!q}
 t - 7 potions of flight
 u - 9 potions of heal wounds
 x - 7 potions of ambrosia
 B - a potion of invisibility {!q}
 J - a potion of might
 R - 6 potions of mutation {!q}
 W - 4 potions of resistance {!q}
 Y - 2 potions of haste {!q}
Miscellaneous
 b - a phial of floods
 z - 3 boxes of beasts
 D - a lamp of fire
 F - a fan of gales
 N - 3 phantom mirrors
 T - a lightning rod (4/4) {!a}
Comestibles
 X - 5 rations


   Skills:
 - Level 24.1 Fighting
 - Level 26.0 Polearms
 - Level 10.0 Armour
 - Level 25.8 Dodging
 - Level 4.0 Stealth
 - Level 8.5 Spellcasting
 - Level 2.0 Conjurations
 - Level 2.0 Hexes
 - Level 3.0 Charms
 - Level 6.0 Summonings
 - Level 12.0 Necromancy
 - Level 3.0 Translocations
   Level 7.0 Ice Magic
 - Level 2.0 Air Magic
 - Level 11.0 Earth Magic
 - Level 4.0 Poison Magic
 * Level 17.9 Evocations


You had 5 spell levels left.
You knew the following spells:

 Your Spells              Type           Power        Failure   Level  Hunger
a - Borgnjor's Vile Clut  Necr/Erth      #####.....   1%          5    #####..
c - Call Canine Familiar  Summ           ###.....     1%          3    ##.....
d - Dispel Undead         Necr           #####...     1%          5    #####..
l - Blink                 Tloc           N/A          2%          2    None
m - Mephitic Cloud        Conj/Pois/Air  ##......     5%          3    ##.....
p - Apportation           Tloc           ##....       1%          1    None
q - Lee's Rapid Deconstr  Erth           #####.....   1%          5    #####..
r - Regeneration          Chrm/Necr      ####......   1%          3    ##.....
w - Passwall              Tmut/Erth      ###.......   1%          2    None
A - Agony                 Necr           #####...     1%          5    #####..
B - Summon Butterflies    Summ           ###.....     1%          1    None
W - Spectral Weapon       Hex/Chrm       ##......     6%          3    ##.....


Dungeon Overview and Level Annotations

Branches:
Dungeon (15/15)            Temple (1/1) D:7            Lair (6/6) D:8
 Shoals (4/4) Lair:4       Spider (4/4) Lair:3        Slime (5/5) Lair:5
    Orc (2/2) D:12            Elf (0/3) Orc:2        Vaults (4/5) D:13
  Crypt (0/3) Vaults:2     Depths (5/5) D:15            Zot (5/5) Depths:5

Altars:
Ashenzari
Cheibriados
Elyvilon
Fedhas
Gozag
Hepliaklqana
Kikubaaqudgha
Makhleb
Nemelex Xobeh
Okawaru
Qazlal
Ru
Trog
Vehumet
Wu Jian
Yredelemnul
Zin
The Shining One
Jiyva
Lugonu

Shops:
D:6 =   D:9 ?   D:12 :   D:13 =   Orc:2 [:[*

Portals:
Hell: Depths:1 Depths:2 Depths:3 Depths:4 Depths:5
Abyss: Depths:1 Depths:3 Depths:4
Pandemonium: Depths:3
Ziggurat: Depths:5

Annotations:
D:6 1 runed door
D:9 !gastronok, Gastronok
Lair:3 exclusion: 2 downstairs
Lair:5 exclusion: downstairs
Lair:6 dire elephants, todo
Orc:2 Terandir's ghost, adept MiFi
Zot:1 1 transporter


Innate Abilities, Weirdness & Mutations

You revert to your normal form in water.
You are very nimble and swift while swimming.
You are very stealthy in the water. (Stealth+)
You are partially covered in iridescent scales. (AC +2)
You are very dopey. (Int -4)
Your movements are slightly less encumbered by armour. (ER -2)


Message History

Something hits your smoke demon!
Your smoke demon gestures at something.
Something hits your smoke demon!
Something closely misses your smoke demon.
You feel a bit more experienced.
You open the door.
There is an open door here.
There is an open door here.
There is a stone staircase leading up here.
You climb upwards.
There is a stone staircase leading down here.
Unknown command.
Casting: Passwall
Confirm with . or Enter, or press ? or * to list all spells.
Which direction?
You begin to meditate on the wall.
You continue meditating on the rock. x2
You finish merging with the rock.
There is a staircase leading out of the dungeon here.
Unknown command.
You have escaped!

#..†.....# ########'######.#
#########.##.........##.#
#.......#.##.........##.#
........#.#8.........8#.#
#.......#.#...........#.# #
#.........#8.........8#3# ##
#.........##.........##3# #.
.###.####.#####8@8#####.########.
.###......#############........#.
..###..#####..######.........#...
.......#.............##.###..###)
#......)..##....#### #.....## #.
..#.##.##...##....#####.##### ##
#...##..###.#####..##...# #####
..#.###...#..####..##.#.#####....
......#...##.....................


There were no monsters in sight!

Vanquished Creatures
  the Royal Jelly (Slime:5)
  3 ancient liches (Zot:5)
  3 orbs of fire
  Mennas (Depths:3)
  A juggernaut (Depths:4)
  Boris (Depths:3)
  2 curse toes
  14 golden dragons
  Bai Suzhen (Vaults:4)
  3 caustic shrikes
  4 Killer Klowns
  Jory (Vaults:2)
  Nikola (Spider:4)
  the Enchantress (Depths:3)
  Jorgrun (Spider:3)
  3 electric golems
  5 liches
  21 tentacled monstrosities
  7 Orb Guardians
  An Ice Fiend (Depths:4)
  A titan (shapeshifter) (Vaults:4)
  3 quicksilver dragons
  Asterion (Spider:3)
  3 titans (Depths:5)
  2 krakens
  22 acid blobs
  6 death cobs
  Polyphemus (Shoals:3)
  Agnes (Spider:3)
  Donald (Shoals:3)
  3 sphinxes
  5 draconian monks
  4 shadow dragons
  13 storm dragons
  6 tengu reavers
  Kirke (Spider:2)
  3 iron dragons
  2 orc warlords (Orc:1)
  4 fire giants
  The ghost of grindst0ne the Fighter, a journeyman DsCK of Xom (D:13)
  12 frost giants
  4 draconian scorchers
  7 draconian knights
  8 azure jellies
  Louise (Shoals:2)
  8 vault wardens
  2 emperor scorpions (Spider:4)
  5 draconian shifters
  Aizul (Shoals:2)
  8 ghost moths
  A reaper (Zot:5)
  16 ironheart preservers
  5 draconian annihilators
  2 deep elf elementalists
  7 draconian stormcallers
  6 spriggan defenders
  11 very ugly things
  11 green draconians
  12 stone giants
  7 black draconians
  2 vampire knights
  10 entropy weavers
  7 yellow draconians
  6 dire elephants (Lair:6)
  2 deep elf annihilators
  8 white draconians
  Snorg (Lair:6)
  11 spark wasps
  11 red draconians
  6 purple draconians
  4 merfolk javelineers
  24 ettins
  6 death oozes
  8 fire dragons
  11 merfolk impalers
  A deep elf high priest (Depths:5)
  12 ogre magi
  11 yaktaur captains
  13 ice dragons
  12 great orbs of eyes
  5 rakshasas
  4 hydras
  3 ghost crabs (Lair:3)
  Fannar (Lair:2)
  12 spriggan air magi
  3 catoblepae
  7 vault guards
  Erica (D:10)
  An alligator snapping turtle (Shoals:3)
  44 two-headed ogres
  10 centaur warriors
  An anaconda (Lair:6)
  A satyr (shapeshifter) (Depths:5)
  2 satyrs (Shoals:4)
  4 merfolk aquamancers
  6 merfolk avatars
  4 deep troll shamans
  10 deep troll earth magi
  2 death knights
  5 orc high priests (Orc:2)
  A queen ant (Spider:1)
  8 death scarabs (Spider:4)
  A titan zombie (Depths:4)
  4 vampire magi
  A shock serpent (Depths:2)
  6 spriggan berserkers
  5 tengu warriors
  10 death yaks
  2 spectral emperor scorpions (Spider:4)
  3 skeletal warriors
  7 deep elf knights
  8 sea snakes
  A hell knight (Depths:2)
  2 iron trolls (Depths:2)
  6 fire crabs (Lair:3)
  A sixfirhy (D:15)
  An unseen horror (Depths:4)
  6 flayed ghosts
  A glowing orange brain (shapeshifter) (Vaults:1)
  A lindwurm (shapeshifter) (Depths:1)
  9 deep elf archers
  5 glowing orange brains
  3 spectral wolf spiders (Spider:4)
  6 wizards
  2 swamp dragons (shapeshifter)
  26 deep trolls
  28 harpies
  12 ironbrand convokers
  4 wolf spider zombies (Spider:4)
  4 lindwurms (D:15)
  An orange crystal statue (Depths:4)
  31 wolf spiders
  4 necromancers
  2 stone giant zombies
  21 orc knights
  3 orc sorcerers
  15 deep elf magi
  7 orb spiders
  2 sphinx skeletons
  8 fauns
  4 shining eyes
  A fire giant zombie (Vaults:1)
  A salamander (shapeshifter) (Vaults:1)
  A wolf spider (shapeshifter) (Depths:4)
  3 oklob plants
  40 ugly things
  3 human zombies
  11 cyclopes
  4 elephants (Lair:6)
  A salamander (Spider:4)
  12 manticores
  19 moths of wrath
  A black mamba (shapeshifter) (Depths:5)
  An apocalypse crab (Lair:3)
  8 large abominations (Depths:4)
  5 black mambas
  2 water nymphs
  7 merfolk sirens
  3 eyes of devastation
  A smoke demon (Depths:4)
  3 ice statues (IceCv)
  11 vault sentinels
  2 gargoyles
  A torpor snail (Spider:1)
  6 centaur skeletons
  The ghost of appiemonkey the Shield-Bearer, a novice DsFi (D:5)
  3 spectral redbacks (Spider:4)
  7 komodo dragons
  5 spiny frogs
  39 yaktaurs
  A rime drake (Lair:5)
  A kobold demonologist (D:14)
  An entropy weaver simulacrum (Vaults:1)
  6 freezing wraiths
  2 redback zombies (Spider:4)
  10 demonic crawlers
  3 tengu conjurers
  A hellwing (Depths:4)
  3 queen bees (shapeshifter)
  6 trolls
  3 polar bears
  A wind drake (shapeshifter) (Vaults:4)
  28 jumping spiders
  25 merfolk
  5 spectral jumping spiders (Spider:4)
  9 hornets
  A sphinx simulacrum (Vaults:1)
  A dream sheep (shapeshifter) (Vaults:1)
  4 dream sheep (Shoals:1)
  3 spectral tarantellas (Spider:4)
  5 raiju (Depths:2)
  6 blink frogs (Lair:5)
  64 slime creatures
  4 wind drakes
  3 tarantella zombies (Spider:4)
  2 centaur simulacra (D:13)
  10 hippogriffs
  15 snapping turtles
  104 redbacks
  Sigmund (D:3)
  11 water elementals
  5 wraiths
  A shadow (D:13)
  27 tarantellas
  An ettin skeleton (Vaults:2)
  62 yaks
  6 spriggans
  A wyvern (shapeshifter) (Depths:1)
  A wyvern (Lair:2)
  13 golden eyes
  8 air elementals
  3 hogs (Spider:3)
  3 chaos spawn (Depths:4)
  A neqoxec (Depths:4)
  6 basilisks
  2 vampire mosquitoes (D:14)
  2 acid dragons
  28 soldier ants
  7 wargs
  The ghost of letownia2 the Conjurer, an amateur TeFE (D:4)
  A soldier ant (shapeshifter) (Depths:5)
  2 spectral hornets (Spider:4)
  11 water moccasins
  4 sky beasts
  A swamp drake (Orc:1)
  42 orc warriors
  6 porcupines
  18 ice beasts
  A black bear (shapeshifter) (Vaults:2)
  4 phantoms
  2 eyes of draining (Slime:5)
  An elf skeleton (Vaults:1)
  The ghost of Verr the Sneak, an amateur NaEn (D:3)
  A boggart (shapeshifter) (Vaults:3)
  32 ogres
  8 wolves
  A wolf (shapeshifter) (Depths:3)
  2 human skeletons
  10 boggarts
  12 crocodiles
  23 centaurs
  7 big kobolds
  Blork the orc (D:4)
  12 bullfrogs
  A glowing shapeshifter simulacrum (Vaults:1)
  2 cyclops zombies (Depths:4)
  A wyvern zombie (D:12)
  A wyvern skeleton (D:13)
  3 small abominations (Depths:4)
  5 scorpions
  Dowan (D:6)
  13 killer bees
  12 wights
  6 electric eels
  6 howler monkeys
  6 crimson imps
  5 centaur zombies
  A quasit (Zot:2)
  2 wyvern simulacra (D:13)
  8 hounds
  A human simulacrum (Vaults:1)
  30 orc priests
  3 jellies
  6 bullfrog skeletons
  22 orc wizards
  An iron imp (Orc:1)
  4 iguanas
  Ijyb (D:3)
  29 worker ants
  A bullfrog simulacrum (D:13)
  A howler monkey zombie (D:5)
  A worker ant zombie (D:10)
  6 gnolls
  A river rat (Lair:6)
  13 adders
  3 shadow imps
  3 white imps
  An ufetubus (D:13)
  2 oozes (D:3)
  An adder zombie (D:5)
  3 worms
  7 dart slugs
  6 leopard geckos
  94 orcs
  A ball python (D:2)
  4 giant cockroaches
  13 goblins
  15 hobgoblins
  13 jackals
  5 quokkas
  10 bats
  5 frilled lizards
  A jackal skeleton (D:5)
  22 kobolds
  A leopard gecko skeleton (D:8)
  A quokka skeleton (D:5)
  11 rats
  A fungus (Lair:4)
  7 plants
  4 spectral weapons
  4 tentacles (Shoals:4)
2209 creatures vanquished.

Vanquished Creatures (collateral kills)
  2 ancient liches (Zot:5)
  An orb of fire (Zot:5)
  3 Killer Klowns (Zot:5)
  An electric golem (Zot:3)
  A tentacled monstrosity (Zot:5)
  14 Orb Guardians (Zot:5)
  A draconian monk (Zot:5)
  A shadow dragon (Zot:5)
  A draconian scorcher (Zot:3)
  An emperor scorpion (Spider:4)
  2 draconian shifters
  A stone giant (Vaults:4)
  A black draconian (Zot:5)
  A green draconian (Zot:5)
  3 spark wasps (Depths:3)
  A purple draconian (Zot:3)
  A minotaur (Lab)
  An ettin (Depths:3)
  5 hydras
  A centaur warrior (Depths:3)
  A two-headed ogre (D:9)
  A death yak (Lair:4)
  An unseen horror (D:15)
  A torpor snail (Lair:4)
  2 spiny frogs
  A black mamba (Lair:6)
  A komodo dragon (Lair:4)
  A hellwing (D:2)
  3 hippogriffs
  2 blink frogs (Lair:5)
  The ghost of letownia2 the Destroyer, an amateur TeFE of Sif Muna (D:7)
  A spriggan (D:12)
  A tarantella (Lair:3)
  A redback (Spider:3)
  2 yaks
  2 water moccasins
  A porcupine (Lair:1)
  Duvessa (D:6)
  An ice beast (D:6)
  3 centaurs
  An eye of draining (D:9)
  A wolf (Lair:3)
  4 crocodiles
  4 bullfrogs
  2 killer bees (D:8)
  A howler monkey (D:9)
  A gnoll shaman (D:6)
  2 jellies
  3 orc wizards
  Robin (D:3)
  7 gnolls
  A howler monkey skeleton (D:4)
  2 orcs
  A jackal (D:3)
  A quokka (D:8)
  A plant (Lair:6)
104 creatures vanquished.

Vanquished Creatures (others)
  An electric golem (Zot:5)
  A tentacled monstrosity (Zot:5)
  A Hell Sentinel (Depths:5)
  8 Orb Guardians
  An Executioner (Zot:2)
  A draconian knight (Zot:5)
  A vault warden (Vaults:3)
  2 draconian stormcallers (Zot:4)
  An ettin (Depths:4)
  A merfolk aquamancer (Shoals:1)
  Urug (D:13)
  2 sun demons
  A glowing orange brain (Depths:3)
  A moth of wrath (Zot:2)
  A smoke demon (Depths:5)
  A vault sentinel (Vaults:2)
  An orange demon (Depths:4)
  A hellion (Zot:5)
  3 yaktaurs
  A hellwing (Depths:5)
  2 red devils (Zot:2)
  A hog (Spider:3)
  A human (Spider:3)
  A neqoxec (Zot:5)
  An orc warrior (Vaults:2)
  A sky beast (shapeshifter) (Depths:4)
  2 ogres (Depths:4)
  A small abomination (Zot:5)
  An orc priest (Orc:1)
  An orc wizard (Orc:2)
  2 orcs (Orc:1)
  A bush (Lair:6)
  15 fungi
  10 plants
  94 spectral weapons
  9 tentacles
174 creatures vanquished.

Grand Total: 2487 creatures vanquished

Notes
Turn   | Place    | Note
-------+----------+-------------------------------------------
     0 | D:1      | dstrtn the Merfolk Ice Elementalist began the quest for the Orb.
     0 | D:1      | Reached XP level 1. HP: 13/13 MP: 3/3
    94 | D:1      | Reached skill level 1 in Fighting
   152 | D:1      | Reached XP level 2. HP: 20/21 MP: 1/5
   171 | D:1      | Learned a level 2 spell: Throw Frost
   443 | D:1      | Reached skill level 1 in Conjurations
   511 | D:1      | Reached XP level 3. HP: 27/27 MP: 3/6
  1061 | D:1      | Reached XP level 4. HP: 34/34 MP: 1/7
  1068 | D:1      | Learned a level 4 spell: Summon Ice Beast
  1823 | D:2      | Reached skill level 1 in Summonings
  2263 | D:3      | Noticed Verr's ghost (amateur NaEn)
  2307 | D:3      | Noticed Sigmund
  2413 | D:3      | Reached XP level 5. HP: 35/39 MP: 0/8
  2820 | D:3      | Killed Verr's ghost
  2820 | D:3      | Reached XP level 6. HP: 35/47 MP: 1/9
  3096 | D:3      | Found a sparkling altar of Nemelex Xobeh.
  3205 | D:4      | Learned a level 2 spell: Blink
  3615 | D:4      | Reached skill level 1 in Polearms
  3677 | D:4      | Noticed Robin
  3927 | D:4      | Noticed Blork the orc
  3935 | D:4      | Noticed letownia2's ghost (amateur TeFE)
  3945 | D:4      | Reached skill level 2 in Polearms
  3955 | D:4      | Killed letownia2's ghost
  3955 | D:4      | Reached skill level 3 in Polearms
  3955 | D:4      | Reached skill level 1 in Translocations
  3955 | D:4      | Reached skill level 5 in Ice Magic
  3955 | D:4      | Reached XP level 7. HP: 40/52 MP: 0/10
  4338 | D:3      | Killed Robin
  4437 | D:4      | Killed Blork the orc
  4720 | D:5      | Entered Level 5 of the Dungeon
  4826 | D:5      | Reached skill level 4 in Polearms
  5272 | D:5      | Reached skill level 5 in Polearms
  5364 | D:5      | Noticed appiemonkey's ghost (novice DsFi)
  5527 | D:5      | Reached XP level 8. HP: 58/58 MP: 3/11
  5947 | D:5      | Found a blossoming altar of Fedhas.
  5991 | D:5      | Noticed a wyvern
  6244 | D:5      | Reached skill level 6 in Polearms
  6926 | D:6      | Reached skill level 7 in Polearms
  7140 | D:6      | Found a runed door.
  7176 | D:6      | Noticed Duvessa
  7388 | D:6      | Reached skill level 8 in Polearms
  7388 | D:6      | Reached XP level 9. HP: 42/65 MP: 12/12
  7509 | D:6      | Reached skill level 5 in Summonings
  7516 | D:6      | Found Lumuywec's Jewellery Shoppe.
  7791 | D:6      | Noticed Dowan
  7903 | D:6      | Killed Dowan
  8304 | D:6      | Found Lumuywec's Jewellery Shoppe.
  8337 | D:6      | Killed Duvessa
  8337 | D:6      | Reached skill level 9 in Polearms
  8511 | D:7      | Found a staircase to the Ecumenical Temple.
  8521 | Temple   | Entered the Ecumenical Temple
  8690 | Temple   | Became a worshipper of Gozag Ym Sagoz the Greedy
  9018 | D:7      | Reached skill level 5 in Fighting
  9300 | D:7      | Noticed letownia2's ghost (amateur TeFE)
  9305 | D:7      | Killed letownia2's ghost
  9684 | D:8      | Noticed a two-headed ogre
  9961 | D:8      | Reached skill level 10 in Polearms
 10666 | D:8      | Found a staircase to the Lair.
 10983 | D:6      | Bought an uncursed ring of flight for 175 gold pieces
 11098 | D:8      | Killed a two-headed ogre
 11098 | D:8      | Reached skill level 11 in Polearms
 11098 | D:8      | Reached XP level 10. HP: 76/76 MP: 4/14
 11251 | D:8      | Got a translucent golden ring
 11311 | D:9      | Noticed a two-headed ogre
 11330 | D:9      | Noticed a two-headed ogre
 11338 | D:9      | Killed a two-headed ogre
 11474 | D:9      | Killed a two-headed ogre
 11474 | D:9      | Reached skill level 5 in Dodging
 11761 | D:9      | HP: 28/77 [troll (7)]
 11773 | D:9      | HP: 17/77 [troll (7)]
 12081 | D:9      | Reached skill level 12 in Polearms
 12169 | D:9      | Noticed Gastronok
 12369 | D:9      | Reached skill level 1 in Evocations
 12957 | D:9      | Found Jelyosk's Magic Scroll Boutique.
 12964 | D:9      | Bought a scroll of remove curse for 48 gold pieces
 12964 | D:9      | Bought a scroll of identify for 32 gold pieces
 12967 | D:9      | Identified the ring "Eschar" {rCorr rC- MP+9 Int-4 Stlth+} (You found it on level 8 of the Dungeon)
 13252 | D:5      | Killed appiemonkey's ghost
 13344 | D:3      | Killed Sigmund
 13379 | D:3      | Noticed Ijyb
 13389 | D:3      | Killed Ijyb
 13617 | Lair:1   | Entered Level 1 of the Lair of Beasts
 13730 | D:8      | Learned a level 3 spell: Ozocubu's Armour
 13742 | D:8      | Reached XP level 11. HP: 77/84 MP: 12/15
 13762 | Lair:1   | Reached skill level 13 in Polearms
 13844 | Lair:1   | Learned a level 1 spell: Summon Butterflies
 13864 | Lair:1   | Learned a level 3 spell: Call Canine Familiar
 13945 | Lair:1   | Noticed a four-headed hydra
 13957 | Lair:1   | Found a labyrinth entrance.
 13967 | Lair:1   | Killed a six-headed hydra
 13987 | Lab      | Entered a labyrinth
 14098 | Lab      | Noticed a minotaur
 14109 | Lab      | Killed a minotaur
 14149 | Lab      | Found the -2 hat of the Alchemist {rElec rPois rF+ rC+ rN+ MR+ rMut rCorr}
 15065 | Lair:2   | Reached skill level 5 in Evocations
 15239 | Lair:2   | Noticed Fannar
 15319 | Lair:2   | Killed Fannar
 15319 | Lair:2   | Reached skill level 14 in Polearms
 15423 | Lair:2   | Noticed a five-headed hydra
 15473 | Lair:2   | HP: 30/86 [eight-headed hydra (11)]
 15478 | Lair:2   | Killed a nine-headed hydra
 16514 | Lair:3   | Found a hole to the Spider Nest.
 16579 | Lair:3   | Reached XP level 12. HP: 41/94 MP: 7/17
 16936 | Lair:3   | Found a runed door.
 17337 | Lair:4   | Noticed a death yak
 17337 | Lair:4   | Noticed a death yak
 17337 | Lair:4   | Noticed a death yak
 17374 | Lair:3   | Killed a death yak
 18067 | Lair:4   | Found a staircase to the Shoals.
 18110 | Lair:4   | Noticed a death yak
 18149 | Lair:4   | Reached skill level 15 in Polearms
 18167 | Lair:4   | Reached skill level 5 in Spellcasting
 18240 | Lair:4   | Killed a death yak
 18277 | Lair:4   | Killed a death yak
 18304 | Lair:4   | Killed a death yak
 18476 | Lair:4   | Noticed a five-headed hydra
 18499 | Lair:4   | Killed a five-headed hydra
 18567 | Lair:4   | Bought a ration for 65 gold pieces
 18567 | Lair:4   | Bought a ration for 65 gold pieces
 18567 | Lair:4   | Bought a ration for 65 gold pieces
 18567 | Lair:4   | Bought a ration for 65 gold pieces
 18567 | Lair:4   | Bought a ration for 65 gold pieces
 18567 | Lair:4   | Bought a ration for 65 gold pieces
 18567 | Lair:4   | Bought a ration for 65 gold pieces
 18567 | Lair:4   | Bought a ration for 65 gold pieces
 18567 | Lair:4   | Bought a ration for 65 gold pieces
 18567 | Lair:4   | Bought a ration for 65 gold pieces
 18567 | Lair:4   | Bought a ration for 65 gold pieces
 18567 | Lair:4   | Bought a ration for 65 gold pieces
 18567 | Lair:4   | Bought a ration for 65 gold pieces
 18817 | Lair:5   | Found a viscous altar of Jiyva.
 18818 | Lair:5   | Found a staircase to the Slime Pits.
 19057 | Lair:5   | Reached skill level 10 in Dodging
 19117 | Lair:5   | Learned a level 3 spell: Mephitic Cloud
 19804 | Lair:6   | Entered Level 6 of the Lair of Beasts
 19811 | Lair:6   | Noticed a seven-headed hydra
 19812 | Lair:6   | Reached skill level 1 in Poison Magic
 19814 | Lair:6   | Noticed a five-headed hydra
 19819 | Lair:6   | Reached XP level 13. HP: 97/102 MP: 10/20
 19888 | Lair:5   | Reached skill level 1 in Air Magic
 20574 | Lair:6   | Reached skill level 10 in Fighting
 20698 | Lair:6   | Reached skill level 16 in Polearms
 21470 | Lair:6   | Identified 2 scrolls of acquirement
 21752 | Lair:6   | Noticed Snorg
 21764 | Lair:6   | Killed Snorg
 22499 | Lair:3   | Noticed an entropy weaver
 22675 | D:10     | Entered Level 10 of the Dungeon
 22718 | D:10     | Learned a level 1 spell: Apportation
 22720 | D:10     | Learned a level 1 spell: Animate Skeleton
 23055 | D:10     | Noticed Erica
 23079 | D:10     | Killed Erica
 23434 | D:10     | Reached XP level 14. HP: 111/111 MP: 10/21
 24230 | D:11     | Noticed Psyche
 24259 | D:11     | Noticed Psyche
 24261 | D:11     | Killed Psyche the ice beast
 24377 | D:11     | Reached skill level 17 in Polearms
 24473 | D:11     | Learned a level 5 spell: Dispel Undead
 25429 | D:12     | Found Xisiung's Book Shop.
 25462 | D:12     | Found a staircase to the Orcish Mines.
 25691 | Orc:1    | Entered Level 1 of the Orcish Mines
 26056 | Orc:1    | Got a scorched hat
 26075 | Orc:1    | Identified the cursed +0 hat "Rideobb" {*Corrode rC+ MR+} (You found it on level 1 of the Orcish Mines)
 26135 | Orc:1    | Reached skill level 10 in Evocations
 26174 | Orc:1    | Noticed an orc warlord
 26219 | Orc:1    | Killed an orc warlord
 26498 | Orc:2    | Entered Level 2 of the Orcish Mines
 26857 | Orc:2    | Noticed Terandir's ghost (adept MiFi)
 27015 | Orc:2    | Noticed an orc warlord
 27195 | Orc:1    | Killed an orc warlord
 28059 | Orc:2    | Found a staircase to the Elven Halls.
 28461 | Orc:2    | Reached skill level 18 in Polearms
 29799 | Orc:2    | Found Pewnec's General Store.
 29799 | Orc:2    | Found Binto's Armour Emporium.
 29801 | Orc:2    | Found Ruluck's Book Shoppe.
 29801 | Orc:2    | Found Ufeofiso's Armour Emporium.
 29844 | Orc:2    | Bought a book of Battle for 480 gold pieces
 29849 | Orc:2    | Bought a +0 chain mail for 63 gold pieces
 29849 | Orc:2    | Bought a scroll of summoning for 133 gold pieces
 29849 | Orc:2    | Bought a wand of polymorph (8) for 140 gold pieces
 29849 | Orc:2    | Bought a wand of acid (8) for 336 gold pieces
 29850 | Orc:2    | Bought a +3 leather armour of magic resistance for 240 gold pieces
 30043 | D:13     | Noticed Urug
 30078 | D:13     | Killed Urug
 30078 | D:13     | Reached XP level 15. HP: 111/120 MP: 16/23
 30135 | D:13     | Noticed grindst0ne's ghost (journeyman DsCK)
 30463 | D:13     | Found a frozen archway.
 30501 | IceCv    | Entered an ice cave
 30945 | IceCv    | Identified Munekaq's Papyrus of Mutagenic Conjuration
 31210 | D:13     | Learned a level 3 spell: Spectral Weapon
 31422 | D:13     | Found Cuosh's Jewellery Emporium.
 31603 | D:13     | Reached skill level 1 in Charms
 31649 | D:13     | Bought the ring of the Mage {Wiz MR++ Int+3} for 775 gold pieces
 31649 | D:13     | Found the ring of the Mage {Wiz MR++ Int+3}
 31915 | D:13     | Killed grindst0ne's ghost
 31915 | D:13     | Reached skill level 1 in Hexes
 32444 | D:13     | Found a gate to the Vaults.
 32702 | D:14     | Found a hazy altar of Hepliaklqana.
 33012 | D:14     | Reached skill level 1 in Necromancy
 33062 | D:14     | Reached skill level 19 in Polearms
 33401 | D:15     | Entered Level 15 of the Dungeon
 33612 | D:15     | Found a snail-covered altar of Cheibriados.
 33698 | D:15     | HP: 34/121 [ice dragon/blast of cold (19)]
 33973 | D:15     | Found a staircase to the Depths.
 34823 | D:15     | HP: 42/121 [lindwurm (14)]
 35288 | D:15     | Identified the Papyrus of Ashen Illusion
 36271 | Lair:3   | Reached XP level 16. HP: 88/129 MP: 22/25
 36280 | Lair:3   | HP: 39/129 [ghost crab] (14)]
 36298 | Lair:3   | HP: 26/129 [spectral death yak[a ghost crab] (16)]
 36827 | Lair:3   | Got an encrusted falchion
 37550 | Lair:6   | Learned a level 3 spell: Regeneration
 37831 | Spider:1 | Entered Level 1 of the Spider Nest
 38435 | Spider:1 | Reached skill level 20 in Polearms
 38802 | Spider:1 | Reached skill level 5 in Necromancy
 39952 | Spider:3 | Noticed Asterion
 39955 | Spider:3 | Noticed an Executioner
 39960 | Spider:3 | HP: 51/130 [Executioner[Asterion] (6)]
 39961 | Spider:3 | Killed Asterion
 40157 | Spider:3 | Noticed Agnes
 40165 | Spider:3 | Killed Agnes
 40165 | Spider:3 | Reached skill level 15 in Dodging
 40418 | Spider:3 | Noticed Jorgrun
 40432 | Spider:3 | Killed Jorgrun
 40432 | Spider:3 | Reached XP level 17. HP: 131/137 MP: 16/27
 40883 | Spider:3 | Noticed Kirke
 40964 | Spider:2 | Killed Kirke
 41231 | Spider:3 | HP: 54/137 [entropy weaver/twisted spear {flame} (1)]
 42035 | Spider:4 | Entered Level 4 of the Spider Nest
 42273 | Spider:3 | HP: 53/137 [komodo dragon (4)]
 43813 | Spider:4 | Noticed Nikola
 43826 | Spider:4 | Killed Nikola
 43826 | Spider:4 | Reached skill level 21 in Polearms
 44150 | Spider:4 | HP: 54/138 [something (2)]
 44324 | Spider:4 | Reached XP level 18. HP: 139/146 MP: 26/30
 45433 | Spider:4 | Got a gossamer rune of Zot
 45758 | D:11     | Learned a level 5 spell: Agony
 46163 | Shoals:1 | Entered Level 1 of the Shoals
 46750 | Spider:1 | Learned a level 5 spell: Borgnjor's Vile Clutch
 47399 | Shoals:1 | Reached skill level 1 in Earth Magic
 47698 | D:9      | Bought a scroll of teleportation for 48 gold pieces
 48438 | Shoals:2 | Noticed Aizul
 48460 | Shoals:2 | HP: 43/147 [Aizul (16)]
 48463 | Shoals:2 | Killed Aizul
 48558 | Shoals:2 | Noticed Louise
 48586 | Shoals:2 | Killed Louise
 49270 | Shoals:3 | Noticed Polyphemus
 49280 | Shoals:3 | Killed Polyphemus
 49441 | Shoals:3 | Noticed Donald
 49452 | Shoals:3 | Killed Donald
 49719 | Shoals:3 | Reached XP level 19. HP: 153/153 MP: 24/31
 49851 | Shoals:3 | Reached skill level 10 in Necromancy
 50007 | Shoals:4 | Entered Level 4 of the Shoals
 50150 | Shoals:4 | Reached skill level 5 in Earth Magic
 50154 | Shoals:4 | Reached skill level 22 in Polearms
 50165 | Shoals:4 | Reached skill level 15 in Fighting
 50412 | Shoals:4 | Got a barnacled rune of Zot
 51770 | Vaults:1 | Entered Level 1 of the Vaults
 51855 | Vaults:1 | Found a flickering gateway to a bazaar.
 51877 | Bazaar   | Entered a bazaar
 51877 | Bazaar   | Found Omneurr's General Store.
 51877 | Bazaar   | Found Iddetuof's Antique Weapon Shop.
 51885 | Bazaar   | Bought a scroll of magic mapping for 28 gold pieces
 51885 | Bazaar   | Bought a potion of haste for 80 gold pieces
 51885 | Bazaar   | Bought a scroll of identify for 16 gold pieces
 51885 | Bazaar   | Bought a scroll of enchant weapon for 60 gold pieces
 51910 | Bazaar   | Found Zuann's Gadget Boutique.
 51918 | Bazaar   | Bought a wand of enslavement (8) for 170 gold pieces
 51918 | Bazaar   | Bought a wand of clouds (4) for 408 gold pieces
 51918 | Bazaar   | Bought a wand of scattershot (2) for 306 gold pieces
 51918 | Bazaar   | Bought a wand of iceblast (10) for 238 gold pieces
 51918 | Bazaar   | Found Septouru's Antique Armour Boutique.
 51926 | Bazaar   | Bought a distressingly furry plate armour for 504 gold pieces
 51929 | Bazaar   | Found Oxypruur's Distillery.
 51937 | Bazaar   | Bought a potion of invisibility for 120 gold pieces
 51937 | Bazaar   | Bought a potion of might for 60 gold pieces
 51937 | Bazaar   | Bought a potion of curing for 45 gold pieces
 51937 | Bazaar   | Bought a potion of cancellation for 120 gold pieces
 51937 | Bazaar   | Bought 2 potions of heal wounds for 150 gold pieces
 51937 | Bazaar   | Bought 2 potions of agility for 120 gold pieces
 51937 | Bazaar   | Bought a potion of might for 60 gold pieces
 51943 | Bazaar   | Identified the cursed +0 plate armour of Zaituan {Dex+4} (You bought it in a shop in a bazaar)
 53301 | Vaults:2 | Reached XP level 20. HP: 164/164 MP: 10/32
 53309 | Vaults:2 | Learned a level 2 spell: Passwall
 53660 | Vaults:2 | Reached skill level 23 in Polearms
 54006 | Vaults:2 | Noticed Jory
 54032 | Vaults:2 | Killed Jory
 54043 | Vaults:2 | Got a bloodstained leather armour
 54046 | Vaults:2 | Identified the +2 leather armour of Duck's Teeth {Stlth+} (You found it on level 2 of the Vaults)
 54335 | Vaults:2 | Found a staircase to the Crypt.
 55317 | Vaults:3 | Reached XP level 21. HP: 128/172 MP: 24/33
 55837 | Vaults:3 | Bought a ration for 65 gold pieces
 55837 | Vaults:3 | Bought a ration for 65 gold pieces
 55837 | Vaults:3 | Bought a ration for 65 gold pieces
 55837 | Vaults:3 | Bought a ration for 65 gold pieces
 55837 | Vaults:3 | Bought a ration for 65 gold pieces
 55839 | Vaults:3 | Bought a ration for 50 gold pieces
 55839 | Vaults:3 | Bought a ration for 50 gold pieces
 55839 | Vaults:3 | Bought a ration for 50 gold pieces
 55839 | Vaults:3 | Bought a ration for 50 gold pieces
 55839 | Vaults:3 | Bought a ration for 50 gold pieces
 55839 | Vaults:3 | Bought a ration for 50 gold pieces
 55839 | Vaults:3 | Bought a ration for 50 gold pieces
 55839 | Vaults:3 | Bought a ration for 50 gold pieces
 55839 | Vaults:3 | Bought a ration for 50 gold pieces
 55839 | Vaults:3 | Bought a ration for 50 gold pieces
 55839 | Vaults:3 | Bought a ration for 50 gold pieces
 55839 | Vaults:3 | Bought a ration for 50 gold pieces
 55987 | Vaults:3 | Reached skill level 24 in Polearms
 56940 | Vaults:4 | Reached skill level 1 in Armour
 57572 | Vaults:4 | Noticed Bai Suzhen
 57587 | Vaults:4 | Killed Bai Suzhen
 57845 | Vaults:4 | Noticed a caustic shrike
 57845 | Vaults:4 | a shadow dragon changed into a caustic shrike
 57849 | Vaults:4 | Noticed a golden dragon
 57849 | Vaults:4 | a caustic shrike changed into a golden dragon
 57850 | Vaults:4 | Noticed a juggernaut
 57850 | Vaults:4 | a golden dragon changed into a juggernaut
 57856 | Vaults:4 | Noticed a shard shrike
 57856 | Vaults:4 | a juggernaut changed into a shard shrike
 57857 | Vaults:4 | a shard shrike changed into a titan
 58595 | Depths:1 | Entered Level 1 of the Depths
 58725 | Depths:1 | Reached XP level 22. HP: 131/183 MP: 25/34
 58966 | Depths:1 | Found a corrupted altar of Lugonu.
 59022 | Depths:1 | Identified Lugonu's Volume of Dark Secrets
 59152 | Depths:1 | Found a gateway to Hell.
 59229 | Depths:1 | Found a one-way gate to the infinite horrors of the Abyss.
 59985 | Depths:2 | Found the +4 arc blade {discharge, rElec}
 60318 | Depths:2 | Reached skill level 25 in Polearms
 60608 | Depths:3 | Identified the +3 ring mail of the Arcane {rF+} (You found it on level 3 of the Depths)
 60912 | Depths:3 | Reached skill level 5 in Armour
 61248 | Depths:3 | Found a one-way gate leading to the halls of Pandemonium.
 61399 | Depths:3 | Noticed the Enchantress
 61410 | Depths:3 | Killed the Enchantress
 61552 | Depths:3 | Noticed Boris
 61567 | Depths:3 | Killed Boris
 61665 | Depths:3 | Noticed Mennas
 61829 | Depths:3 | Killed Mennas
 61829 | Depths:3 | Reached XP level 23. HP: 161/192 MP: 31/35
 61912 | Depths:3 | Noticed a caustic shrike
 61920 | Depths:3 | Killed a caustic shrike
 61932 | Depths:3 | Noticed a golden dragon
 61945 | Depths:3 | Killed a golden dragon
 61951 | Depths:3 | Got a glittering steel ring
 61960 | Depths:3 | Identified the ring "Neawkal" {rPois rF+ rN+++ EV+3 Stlth-} (You took it off a frost giant on level 3 of the Depths)
 61962 | Depths:3 | Got a translucent glass ring
 61967 | Depths:3 | Identified the ring "Ymme" {+Fly rPois Slay+4} (You took it off a tengu reaver on level 3 of the Depths)
 61983 | Depths:3 | Got a coiled steel amulet
 61984 | Depths:3 | Identified the amulet of Cowardice {Spirit Fragile rN++ MR+ Slay+4} (You found it on level 3 of the Depths)
 61995 | Depths:3 | Identified the cursed ring "Xaukip" {+Fly Str+4 Dex-6} (You found it on level 3 of the Depths)
 62111 | Depths:3 | Identified the +2 faerie dragon scales {rF+ rCorr} (You took it off the Enchantress on level 3 of the Depths)
 62430 | Vaults:2 | Learned a level 5 spell: Lee's Rapid Deconstruction
 63322 | Depths:4 | Got an uncursed polished trident {pierce}
 63383 | Depths:4 | Reached skill level 26 in Polearms
 63451 | Depths:4 | Noticed a juggernaut
 63458 | Depths:4 | Killed a juggernaut
 64742 | Depths:5 | Entered Level 5 of the Depths
 64871 | Depths:5 | Found a gateway to a ziggurat.
 64976 | Depths:5 | Reached XP level 24. HP: 190/201 MP: 35/35
 65055 | Depths:5 | Found a gate to the Realm of Zot.
 65140 | Depths:5 | Found a basalt altar of Yredelemnul.
 65140 | Depths:5 | Found a stormy altar of Qazlal.
 65141 | Depths:5 | Found an ornate altar of the Wu Jian Council.
 65530 | Depths:5 | HP: 64/202 [ettin/dire flail (37)]
 65830 | Depths:5 | Noticed a caustic shrike
 65836 | Depths:5 | Killed a caustic shrike
 65856 | Depths:5 | Noticed a caustic shrike
 65867 | Depths:5 | Killed a caustic shrike
 65874 | Depths:5 | HP: 80/203 [fire dragon (14)]
 67507 | Slime:1  | Entered Level 1 of the Pits of Slime
 67701 | Slime:1  | Reached XP level 25. HP: 212/212 MP: 28/35
 68509 | Slime:5  | Entered Level 5 of the Pits of Slime
 68650 | Slime:5  | Found a viscous altar of Jiyva.
 68651 | Slime:5  | Noticed the Royal Jelly
 68673 | Slime:5  | Killed the Royal Jelly
 68996 | Slime:5  | Reached skill level 15 in Evocations
 69385 | Slime:5  | Got a slimy rune of Zot
 69453 | Slime:5  | Identified the ring "Xeefas" {*Tele Int+3} (You found it on level 5 of the Pits of Slime)
 69486 | Slime:5  | Identified the Reference Book on the Noxious Compass
 70196 | Zot:1    | Entered Level 1 of the Realm of Zot
 70432 | Zot:1    | HP: 77/215 [purple draconian monk (16)]
 70762 | Zot:1    | Reached skill level 10 in Armour
 70866 | Zot:1    | Noticed an orb of fire
 70872 | Zot:1    | Gained mutation: You tend to lose your temper in combat. [an orb of fire]
 70876 | Zot:1    | Killed an orb of fire
 70941 | Zot:1    | Lost mutation: You tend to lose your temper in combat. [potion of mutation]
 70941 | Zot:1    | Gained mutation: You are dopey. (Int -2) [potion of mutation]
 70941 | Zot:1    | Gained mutation: You are partially covered in iridescent scales. (AC +2) [potion of mutation]
 70941 | Zot:1    | Gained mutation: Your movements are slightly less encumbered by armour. (ER -2) [potion of mutation]
 71053 | Zot:1    | Reached XP level 26. HP: 206/224 MP: 29/35
 71103 | Zot:1    | Found a transporter.
 71109 | Zot:1    | Found a radiant altar of Vehumet.
 72395 | Zot:2    | Identified the +2 robe "Yngiataf" {rPois rF+ rC+ Dex+3} (You found it on level 2 of the Realm of Zot)
 72964 | Zot:3    | Reached skill level 10 in Earth Magic
 73606 | Zot:4    | Reached XP level 27. HP: 206/237 MP: 27/35
 74573 | Zot:5    | Entered Level 5 of the Realm of Zot
 76924 | Zot:5    | Noticed an ancient lich
 76930 | Zot:5    | Killed an ancient lich
 77028 | Zot:5    | Noticed an orb of fire
 77044 | Zot:5    | Noticed an orb of fire
 77067 | Zot:5    | HP: 83/238 [orb of fire/fireball (21)]
 77071 | Zot:5    | Killed an orb of fire
 77078 | Zot:5    | Killed an orb of fire
 77246 | Zot:5    | Noticed an orb of fire
 77264 | Zot:5    | Noticed an ancient lich
 77298 | Zot:5    | Killed an ancient lich
 77319 | Zot:5    | Noticed an orb of fire
 77320 | Zot:5    | Noticed an ancient lich
 77332 | Zot:5    | Killed an ancient lich
 77335 | Zot:5    | Killed an orb of fire
 77713 | Zot:5    | Noticed an ancient lich
 77716 | Zot:5    | Killed an ancient lich
 77767 | Zot:5    | Noticed an ancient lich
 77772 | Zot:5    | Killed an ancient lich
 78120 | Zot:5    | Got the Orb of Zot
 78149 | Zot:5    | Gained mutation: You are very dopey. (Int -4) [a neqoxec]
 78547 | Depths:4 | Noticed Ytiashrei the pandemonium lord
 78753 | D:14     | Noticed Aneumimm the pandemonium lord
 79129 | D:$      | Escaped with the Orb!

Skill      XL: |  1  2  3  4  5  6  7  8  9 10 11 12 13 14 15 16 17 18 19 20 21 22 23 24 25 26 27 |
---------------+----------------------------------------------------------------------------------+-----
Fighting       | 1 2 3 4 6 7 8 9 10 11 12 13 14 15 16 17 18 19 20 22 23 24 | 24.1
Conjurations   | 1 2 |  2.0
Stealth        | 3 4 |  4.0
Ice Magic      | 4 5 6 7 |  7.0
Summonings     | 1 2 3 4 5 6 |  6.0
Polearms       | 3 5 8 11 12 14 15 16 18 19 20 21 22 23 24 25 26 | 26.0
Translocations | 1 2 3 |  3.0
Dodging        | 4 6 8 10 11 13 14 15 16 18 19 20 21 22 23 24 25 | 25.8
Spellcasting   | 3 5 6 7 8 |  8.5
Evocations     | 3 6 7 9 10 11 12 13 14 15 17 | 17.9
Poison Magic   | 1 4 |  4.0
Air Magic      | 2 |  2.0
Charms         | 3 |  3.0
Hexes          | 2 |  2.0
Necromancy     | 3 6 8 9 11 12 | 12.0
Earth Magic    | 4 5 8 10 11 | 11.0
Armour         | 3 5 7 8 10 | 10.0

Action                   |  1- 3 |  4- 6 |  7- 9 | 10-12 | 13-15 | 16-18 | 19-21 | 22-24 | 25-27 || total
-------------------------+-------+-------+-------+-------+-------+-------+-------+-------+-------++-------
Melee: Dagger            |    23 |    65 |       |       |       |       |       |       |       ||    88
       Spear             |       |    15 |   469 |   374 |    56 |       |       |       |       ||   914
       Halberd           |       |       |       |   540 |  1678 |       |       |       |       ||  2218
       Bardiche          |       |       |       |       |   248 |  1097 |  1046 |  1007 |   916 ||  4314
       Tailslap          |       |       |       |       |       |    26 |     6 |       |       ||    32
 Fire: Shortbow          |       |       |     8 |       |       |       |       |       |       ||     8
Throw: Stone             |     4 |     7 |     3 |       |       |       |       |       |       ||    14
       Tomahawk          |       |       |       |     3 |     1 |     1 |       |       |       ||     5
       Throwing net      |       |       |       |       |       |       |       |       |     1 ||     1
 Cast: Freeze            |    52 |   128 |    70 |       |       |       |       |       |       ||   250
       Throw Frost       |       |     8 |       |       |       |       |       |       |       ||     8
       Summon Ice Beast  |       |     1 |    25 |    58 |    35 |       |       |       |       ||   119
       Ozocubu's Armour  |       |       |       |    14 |    26 |    40 |    13 |     9 |       ||   102
       Call Canine Famil |       |       |       |    20 |    20 |     3 |       |       |       ||    43
       Blink             |       |       |       |       |     3 |    10 |       |     1 |     3 ||    17
       Mephitic Cloud    |       |       |       |       |    55 |    65 |     1 |       |       ||   121
       Apportation       |       |       |       |       |     1 |     1 |     1 |     4 |    38 ||    45
       Spectral Weapon   |       |       |       |       |    25 |    91 |    71 |    51 |    69 ||   307
       Regeneration      |       |       |       |       |       |    70 |    81 |    77 |    37 ||   265
       Dispel Undead     |       |       |       |       |       |    21 |    26 |    27 |    18 ||    92
       Agony             |       |       |       |       |       |     7 |    17 |    15 |     3 ||    42
       Borgnjor's Vile C |       |       |       |       |       |     2 |    38 |    31 |    12 ||    83
       Lee's Rapid Decon |       |       |       |       |       |       |       |     3 |    22 ||    25
       Summon Butterflie |       |       |       |       |       |       |       |       |    16 ||    16
       Passwall          |       |       |       |       |       |       |       |       |     9 ||     9
Invok: Call Merchant     |       |       |       |     1 |       |       |     2 |       |       ||     3
       Potion Petition   |       |       |       |       |       |     3 |       |       |     2 ||     5
       Bribe Branch      |       |       |       |       |       |       |       |       |     5 ||     5
 Abil: Evoke Flight      |       |       |       |     5 |     3 |       |       |       |       ||     8
       Stop Flying       |       |       |       |     4 |     1 |       |       |       |       ||     5
       Evoke Invisibilit |       |       |       |       |       |       |    13 |     6 |    12 ||    31
Evoke: Wand              |       |     1 |    14 |     4 |    31 |    48 |    52 |    15 |    13 ||   178
       Lamp of fire      |       |       |       |       |     1 |     2 |     3 |     5 |     2 ||    13
       Phial of floods   |       |       |       |       |     1 |     3 |     3 |       |     1 ||     8
       Lightning rod     |       |       |       |       |       |       |     4 |       |       ||     4
       Box of beasts     |       |       |       |       |       |       |       |       |     1 ||     1
  Use: Scroll            |       |    10 |     8 |     8 |    24 |    11 |    11 |    16 |    22 ||   110
       Potion            |       |       |     1 |       |     1 |     7 |     4 |     5 |     8 ||    26
 Stab: Sleeping          |     4 |     5 |     8 |     6 |    10 |     8 |     9 |     7 |     1 ||    58
       Paralysed         |       |     2 |       |       |     6 |     4 |       |       |       ||    12
       Distracted        |       |       |     2 |     7 |    19 |    13 |    14 |    17 |    19 ||    91
       Confused          |       |       |       |       |    61 |    38 |       |       |       ||    99
       Held in net/web   |       |       |       |       |       |     2 |       |       |     3 ||     5
       Invisible         |       |       |       |       |       |       |    32 |    17 |    58 ||   107
  Eat: Chunk             |     1 |    13 |    16 |       |       |       |       |       |       ||    30
       Ration            |       |       |     5 |    14 |    21 |    18 |    17 |    17 |    18 ||   110
Armor: Robe              |    12 |    29 |   107 |   168 |   210 |       |       |       |       ||   526
       Leather armour    |       |       |       |       |   144 |   305 |    98 |    61 |       ||   608
       Acid dragon scale |       |       |       |       |       |       |       |   102 |   184 ||   286
Dodge: Dodged            |    46 |   110 |   229 |   441 |   970 |  1198 |   638 |   655 |   830 ||  5117
Block: Other             |       |       |       |    55 |   137 |   139 |    64 |    25 |       ||   420
       Reflection        |       |       |       |       |     7 |     3 |    12 |     5 |       ||    27
